 Dungeon Crawl Stone Soup version 0.21-a0-50-g941c862 (webtiles) character file.

86436 TheOrbIsALie the Black Belt (level 15, 0/113 HPs)
             Began as a Demonspawn Monk on June 11, 2017.
             Was the Champion of Kikubaaqudgha.
             Slain by a very large slime creature (45 damage)
             ... on level 14 of the Dungeon.
             The game lasted 01:47:46 (23390 turns).

TheOrbIsALie the Black Belt (Demonspawn Monk)      Turns: 23390, Time: 01:47:52

Health: 0/113      AC: 19    Str: 13    XL:     15   Next: 40%
Magic:  0/27       EV: 12    Int: 15    God:    Kikubaaqudgha [******]
Gold:   3118       SH:  0    Dex: 22    Spells: 16/31 levels left

rFire    + + .     SeeInvis .     - Unarmed
rCold    . . .     Gourm    .   (no shield)
rNeg     . . .     Faith    .   y - +1 fire dragon scales
rPois    .         Spirit   +   X - +2 hat
rElec    .         Reflect  .   (no cloak)
rCorr    .         Harm     .   (no gloves)
MR       +....                  S - +1 pair of boots
Stlth    +.........             J - amulet of regeneration
Regen    0.7/turn               U - +5 ring of dexterity
MPRegen  0.4/turn               L - ring of protection from cold

@: no status effects
A: antennae 2, icy blue scales 2, spiny 2, magic shield, magic regeneration,
magic link
a: Receive Corpses, Torment, Brand Weapon With Pain, Receive Necronomicon,
Renounce Religion


You were on level 14 of the Dungeon.
You worshipped Kikubaaqudgha.
Kikubaaqudgha was exalted by your worship.
You were hungry.

You visited 4 branches of the dungeon, and saw 23 of its levels.
You also visited: Labyrinth, Sewer, Ice Cave and Volcano.

You collected 3270 gold pieces.
You spent 152 gold pieces at shops.

Inventory:

Armour
 m - +0 ice dragon scales
 p - a +1 robe of positive energy
 y - +1 fire dragon scales (worn)
 S - a +1 pair of boots (worn)
 W - the +2 robe "Moten" {rF++ Str-5, unknown}
   (You found it in a labyrinth)

   It affects your strength (-5).
   It greatly protects you from fire.
 X - a +2 hat (worn)
Jewellery
 d - an uncursed ring of flight
 i - an uncursed ring of resist corrosion
 l - an uncursed ring of poison resistance
 w - a +4 ring of intelligence
 J - an amulet of regeneration (around neck)
 L - a ring of protection from cold (right hand)
 M - a cursed amulet of magic regeneration
 R - an uncursed ring of protection from magic
 U - a +5 ring of dexterity (left hand)
Wands
 t - a wand of clouds (0/9)
 v - a wand of lightning (9/15)
 z - a wand of paralysis (10/24)
 A - a wand of clouds (6/9)
 I - a wand of clouds (4/9)
 P - a wand of polymorph (6/24)
 Q - a wand of acid (15/15)
 T - a wand of random effects (20/48)
Scrolls
 e - 11 scrolls of remove curse
 k - 5 scrolls of fear
 r - 4 scrolls of amnesia
 s - 4 scrolls of identify
 C - 3 scrolls of immolation
 E - 4 scrolls of magic mapping
 K - a scroll of teleportation
 N - 5 scrolls of blinking {unknown}
 Z - 2 scrolls of recharging
Potions
 a - 2 potions of berserk rage
 c - 10 potions of curing
 h - 3 potions of resistance
 j - 2 potions of agility {unknown}
 o - a potion of mutation {unknown}
 x - 4 potions of haste
 B - a potion of flight
 F - 5 potions of might {unknown}
 G - 4 potions of ambrosia {unknown}
 O - 3 potions of brilliance
 Y - 2 potions of magic {unknown}
Books
 n - a book of Cantrips

   Spells                             Type                      Level
   a - Confusing Touch                Hexes                        1
   b - Animate Skeleton               Necromancy                   1
   c - Summon Small Mammal            Summoning                    1
   d - Apportation                    Translocation                1
 q - Kikubaaqudgha's Handbook of Unholy Secrets
   (Kikubaaqudgha gifted it to you on level 2 of the Dungeon)

   Spells                             Type                      Level
   a - Animate Skeleton               Necromancy                   1
   b - Corpse Rot                     Necromancy                   2
   c - Sublimation of Blood           Necromancy                   2
   d - Vampiric Draining              Necromancy                   3
   e - Control Undead                 Necromancy                   4
 u - a book of Misfortune

   Spells                             Type                      Level
   a - Confusing Touch                Hexes                        1
   b - Confuse                        Hexes                        3
   c - Gell's Gravitas                Translocation                3
   d - Petrify                        Transmutation/Earth          4
   e - Metabolic Englaciation         Hexes/Ice                    5
   f - Yara's Violent Unravelling     Hexes/Transmutation          5
 D - Kikubaaqudgha's Almanac of Evil
   (Kikubaaqudgha gifted it to you in a sewer)

   Spells                             Type                      Level
   a - Animate Dead                   Necromancy                   4
   b - Excruciating Wounds            Charms/Necromancy            5
   c - Bolt of Draining               Conjuration/Necromancy       5
   d - Dispel Undead                  Necromancy                   5
   e - Death Channel                  Necromancy                   6
 V - a book of the Sky

   Spells                             Type                      Level
   a - Summon Lightning Spire         Summoning/Air                4
   b - Silence                        Hexes/Air                    5
   c - Deflect Missiles               Charms/Air                   6
   d - Conjure Ball Lightning         Conjuration/Air              6
   e - Tornado                        Air                          9
Comestibles
 b - 12 bread rations
 f - a fruit
 g - 2 meat rations
 H - 14 royal jellies


   Skills:
 - Level 9.1 Fighting
 - Level 9.3 Armour
 - Level 5.0 Dodging
 - Level 1.7 Stealth
 - Level 17.1 Unarmed Combat
 + Level 8.9 Spellcasting
 - Level 12.0 Necromancy


You had 16 spell levels left.
You knew the following spells:

 Your Spells              Type           Power        Failure   Level  Hunger
a - Corpse Rot            Necr           N/A          1%          2    None
b - Animate Skeleton      Necr           N/A          1%          1    None
c - Control Undead        Necr           #####.....   3%          4    ###....
d - Dispel Undead         Necr           #####...     10%         5    #####..
e - Regeneration          Chrm/Necr      ###.......   13%         3    #......


Dungeon Overview and Level Annotations

Branches:
Dungeon (14/15)            Temple (1/1) D:4            Lair (6/6) D:9
  Swamp (0/4) Lair:3       Spider (0/4) Lair:2        Slime (0/5) Lair:5
    Orc (2/2) D:10            Elf (0/3) Orc:2
 Vaults: D:13-14

Altars:
Ashenzari
Cheibriados
Dithmenos
Elyvilon
Fedhas
Gozag
Hepliaklqana
Kikubaaqudgha
Makhleb
Nemelex Xobeh
Okawaru
Qazlal
Ru
Sif Muna
Trog
Uskayaw
Vehumet
Wu Jian
Xom
Yredelemnul
Zin
The Shining One
Beogh

Shops:
D:10 %   Orc:1 !   Orc:2 }(!}

Portals:
Hell: Lair:6


Innate Abilities, Weirdness & Mutations

You have a pair of antennae on your head.
You are mostly covered in icy blue scales. (AC +3)
You are mostly covered in sharp spines.
When hurt, damage is shared between your health and your magic reserves.
You regenerate magic rapidly.
When low on magic, you restore magic in place of health.


Message History

The very large slime creature is struck by your spines.
The very large slime creature hits you!!!
Unknown command.
You pummel the very large slime creature!!
You punch the very large slime creature.
The very large slime creature is moderately wounded.
The very large slime creature is engulfed in dark miasma.
The very large slime creature is struck by your spines.
The very large slime creature hits you!!
You pummel the very large slime creature!!
The very large slime creature is heavily wounded.
The very large slime creature is engulfed in dark miasma.
The very large slime creature hits you!
You hit the very large slime creature.
The very large slime creature is heavily wounded.
The very large slime creature is engulfed in dark miasma.
The very large slime creature seems to slow down.
The very large slime creature hits you!!!
You die...
Kikubaaqudgha rasps: "You have failed me!
Welcome... death!"

##...# #..########.# #...#
#..# #.# #...######..# #.#
##...........########.#
......................#
......................#
########..##########..#
..........##########..#
................@J....#
......÷...###########.######
...#####).# #.......#
...#####..# #..###..#
#§........##########.##{ .#
.§.....).............# {
#....................##
...#########.#######..###...
...# #.# #........


You could see a very large slime creature.

Vanquished Creatures
  2 orc warlords (Orc:1)
  A red draconian (Volcano)
  Josephine (Orc:2)
  A minotaur (Lab)
  Fannar (Orc:1)
  An ice dragon (IceCv)
  5 hydras
  A hell beast (Lair:6)
  2 centaur warriors
  A catoblepas (D:13)
  4 two-headed ogres
  An ogre mage (Orc:2)
  An orc high priest (Orc:2)
  7 death yaks (D:9)
  Nergalle (D:10)
  4 skeletal warriors (D:12)
  2 wizards
  A harpy (shapeshifter) (D:13)
  A lindwurm (Orc:2)
  An oklob plant (Orc:2)
  3 ugly things (D:14)
  11 orc sorcerers
  2 orc knights
  2 manticores
  A cyclops (Orc:2)
  3 black mambas
  8 elephants
  9 spiny frogs
  An ice statue (IceCv)
  3 orange demons (Lair:6)
  2 gargoyles
  2 molten gargoyles (Volcano)
  An efreet (D:14)
  7 rime drakes
  2 ice devils (Lair:6)
  2 yaktaurs (D:14)
  A kobold demonologist (D:13)
  3 komodo dragons
  A hellwing (Lair:6)
  6 trolls
  2 minotaur zombies (Lab)
  A jumping spider (Lair:2)
  2 polar bears (Lair:5)
  A red devil (Lair:6)
  A wolf spider simulacrum (D:14)
  Prince Ribbit (D:9)
  10 hippogriffs
  14 blink frogs
  A centaur simulacrum (D:14)
  3 redbacks
  43 yaks
  2 shadows (D:13)
  A wyvern (D:10)
  6 wraiths
  A human (D:10)
  4 hogs (D:10)
  2 fire bats (Volcano)
  2 basilisks
  A hungry ghost (D:7)
  A steam dragon (D:12)
  6 vampire mosquitoes
  3 wargs
  A swamp worm (Lair:3)
  18 water moccasins
  14 porcupines
  A soldier ant (D:14)
  2 hell hounds (Lair:6)
  A hornet zombie (D:10)
  2 eyes of draining
  34 orc warriors
  3 phantoms
  2 sky beasts
  19 ice beasts
  A necrophage (D:12)
  15 ogres
  11 centaurs
  9 wolves
  18 crocodiles
  3 big kobolds
  17 bullfrogs
  A gnoll sergeant (D:9)
  A troll zombie (D:12)
  7 scorpions
  The ghost of TheOrbIsALie the Insei, a weakling DsMo (D:3)
  4 vampire bats (Orc:1)
  4 electric eels
  10 killer bees
  5 wights
  2 howler monkeys
  5 lava snakes (Volcano)
  7 crimson imps
  2 centaur zombies
  4 bullfrog zombies
  2 bullfrog skeletons
  A quasit (D:10)
  3 human zombies (D:12)
  11 hounds
  4 jellies
  15 orc priests
  A gnoll shaman (D:5)
  Jessica (D:2)
  3 human skeletons (D:12)
  Terence (D:2)
  4 iguanas
  44 orc wizards
  7 worker ants
  3 killer bee zombies
  4 hound skeletons
  A howler monkey zombie (D:7)
  12 adders
  13 gnolls
  2 river rats
  3 shadow imps
  A white imp (D:14)
  3 ufetubi (D:14)
  2 oozes
  An adder zombie (D:7)
  5 worms
  A dart slug (D:1)
  5 leopard geckos
  109 orcs
  14 bats
  5 giant cockroaches
  11 hobgoblins
  8 jackals
  5 quokkas
  2 ball pythons (Sewer)
  14 frilled lizards
  7 goblins
  A jackal zombie (D:6)
  24 kobolds
  2 leopard gecko skeletons
  A leopard gecko zombie (D:6)
  An orc skeleton (D:12)
  22 rats
  A fungus (Lair:6)
821 creatures vanquished.

Vanquished Creatures (collateral kills)
  A two-headed ogre (D:14)
  An elephant (Lair:5)
  An ice statue (IceCv)
  2 yaktaurs (D:14)
  2 spiny frogs
  A jumping spider (Lair:2)
  A blink frog (Lair:5)
  A hippogriff (Lair:3)
  3 yaks
  3 swamp worms (Lair:3)
  A water moccasin (Lair:2)
  A hell hound (Lair:6)
  An ufetubus (D:14)
19 creatures vanquished.

Vanquished Creatures (others)
  An ice dragon (IceCv)
  An orc wizard (Orc:2)
  A centaur skeleton (D:12)
  4 fungi
  A plant (Lair:2)
8 creatures vanquished.

Grand Total: 848 creatures vanquished

Notes
Turn   | Place    | Note
-------+----------+-------------------------------------------
     0 | D:1      | TheOrbIsALie the Demonspawn Monk began the quest for the Orb.
     0 | D:1      | Reached XP level 1. HP: 18/18 MP: 1/1
   197 | D:1      | Reached skill level 3 in Unarmed Combat
   249 | D:1      | Gained mutation: You are partially covered in sharp spines. [demonic ancestry]
   249 | D:1      | Reached XP level 2. HP: 15/24 MP: 2/2
   843 | D:2      | Reached XP level 3. HP: 17/29 MP: 3/3
   843 | D:2      | Reached skill level 4 in Unarmed Combat
  1030 | D:2      | Noticed Terence
  1039 | D:2      | Killed Terence
  1039 | D:2      | Reached XP level 4. HP: 27/35 MP: 4/4
  1220 | D:2      | Noticed Jessica
  1234 | D:2      | Killed Jessica
  1234 | D:2      | Reached skill level 5 in Unarmed Combat
  1245 | D:2      | Found an ancient bone altar of Kikubaaqudgha.
  1261 | D:2      | Became a worshipper of Kikubaaqudgha
  1261 | D:2      | Reached * piety under Kikubaaqudgha
  1261 | D:2      | Identified Kikubaaqudgha's Handbook of Unholy Secrets (Kikubaaqudgha gifted it to you on level 2 of the Dungeon)
  1261 | D:2      | Received a gift from Kikubaaqudgha
  1261 | D:2      | Reached ** piety under Kikubaaqudgha
  1508 | D:2      | Learned a level 2 spell: Corpse Rot
  1959 | D:3      | Reached XP level 5. HP: 38/41 MP: 5/5
  1991 | D:3      | Found a shattered altar of Ashenzari.
  2148 | D:3      | Found a transporter.
  2149 | D:3      | Found a transporter.
  2149 | D:3      | Noticed a centaur
  2162 | D:3      | Found an ornate altar of the Wu Jian Council.
  2216 | D:3      | You fall through a shaft for 3 floors!
  2216 | D:6      | Found a shadowy altar of Dithmenos.
  2269 | D:6      | Noticed a water moccasin
  2277 | D:6      | Killed a water moccasin
  2277 | D:6      | Reached skill level 6 in Unarmed Combat
  2277 | D:6      | Gained mutation: You are partially covered in icy blue scales. (AC +2) [demonic ancestry]
  2277 | D:6      | Reached XP level 6. HP: 37/47 MP: 0/6
  2312 | D:6      | Found a bloodstained altar of Trog.
  2578 | D:6      | Found a glowing drain.
  2592 | Sewer    | Entered a sewer
  2660 | Sewer    | Reached skill level 7 in Unarmed Combat
  2681 | Sewer    | Reached *** piety under Kikubaaqudgha
  2681 | Sewer    | Identified Kikubaaqudgha's Almanac of Evil (Kikubaaqudgha gifted it to you in a sewer)
  2681 | Sewer    | Received a gift from Kikubaaqudgha
  3085 | D:5      | Entered Level 5 of the Dungeon
  3174 | D:4      | Gained mutation: When hurt, damage is shared between your health and your magic reserves. [demonic ancestry]
  3174 | D:4      | Reached XP level 7. HP: 45/52 MP: 7/7
  3265 | D:4      | Found a basalt altar of Yredelemnul.
  3525 | D:3      | Noticed TheOrbIsALie's ghost (weakling DsMo)
  3537 | D:3      | Killed TheOrbIsALie's ghost
  3749 | D:3      | Reached skill level 8 in Unarmed Combat
  4034 | D:4      | Found a staircase to the Ecumenical Temple.
  4048 | Temple   | Entered the Ecumenical Temple
  4429 | D:5      | Reached skill level 9 in Unarmed Combat
  4429 | D:5      | Gained mutation: You regenerate magic rapidly. [demonic ancestry]
  4429 | D:5      | Reached XP level 8. HP: 52/58 MP: 8/8
  4477 | D:5      | Found a snail-covered altar of Cheibriados.
  4502 | D:5      | Reached skill level 1 in Necromancy
  4509 | D:5      | Found a sacrificial altar of Ru.
  4571 | D:5      | Reached **** piety under Kikubaaqudgha
  5137 | D:6      | Reached skill level 5 in Necromancy
  5375 | D:7      | Reached skill level 1 in Armour
  5510 | D:7      | Found a shattered altar of Ashenzari.
  5789 | D:7      | Gained mutation: You have a pair of small antennae on your head. [demonic ancestry]
  5789 | D:7      | Reached XP level 9. HP: 65/65 MP: 9/9
  5967 | D:7      | Reached skill level 5 in Fighting
  6552 | D:8      | Noticed a two-headed ogre
  7068 | D:8      | Noticed a two-headed ogre
  7082 | D:8      | Killed a two-headed ogre
  7279 | D:9      | Reached skill level 1 in Spellcasting
  7279 | D:9      | Gained mutation: You are mostly covered in icy blue scales. (AC +3) [demonic ancestry]
  7279 | D:9      | Reached XP level 10. HP: 83/83 MP: 7/11
  7295 | D:9      | Found a staircase to the Lair.
  7297 | D:9      | Noticed a death yak
  7298 | D:9      | Noticed a death yak
  7301 | D:9      | Noticed a death yak
  7301 | D:9      | Noticed a death yak
  7301 | D:9      | Noticed a death yak
  7301 | D:9      | Noticed a death yak
  7302 | D:9      | Noticed a death yak
  7311 | D:9      | Killed a death yak
  7575 | D:9      | Noticed Prince Ribbit
  7589 | D:9      | Killed Prince Ribbit
  7592 | D:9      | Noticed a two-headed ogre
  7613 | D:9      | Killed a two-headed ogre
  7613 | D:9      | Reached skill level 5 in Spellcasting
  7949 | D:9      | Noticed a two-headed ogre
  8311 | D:9      | Got a fine leather armour
  8313 | D:9      | Identified the +0 leather armour of the Solstice {rCorr} (You found it on level 9 of the Dungeon)
  8819 | D:9      | Killed a death yak
  8819 | D:9      | Reached skill level 10 in Unarmed Combat
  8821 | D:9      | Killed a death yak
  8821 | D:9      | Reached XP level 11. HP: 83/89 MP: 17/20
  8838 | D:9      | Killed a death yak
  8843 | D:9      | Killed a death yak
  8843 | D:9      | Reached skill level 11 in Unarmed Combat
  9114 | D:9      | Found a glowing golden altar of the Shining One.
  9163 | D:9      | Killed a death yak
  9167 | D:9      | Killed a death yak
  9274 | D:9      | Killed a two-headed ogre
  9274 | D:9      | Reached skill level 12 in Unarmed Combat
  9592 | D:10     | Entered Level 10 of the Dungeon
  9938 | Lair:1   | Entered Level 1 of the Lair of Beasts
 10148 | Lair:1   | Reached skill level 13 in Unarmed Combat
 10201 | Lair:1   | Reached ***** piety under Kikubaaqudgha
 10403 | Lair:1   | Reached skill level 5 in Armour
 10710 | Lair:2   | Gained mutation: When low on magic, you restore magic in place of health. [demonic ancestry]
 10710 | Lair:2   | Reached XP level 12. HP: 74/95 MP: 18/21
 10738 | Lair:2   | Noticed a four-headed hydra
 10765 | Lair:2   | Killed a four-headed hydra
 10765 | Lair:2   | Reached skill level 5 in Dodging
 11028 | Lair:2   | Learned a level 1 spell: Animate Skeleton
 11172 | Lair:2   | Found a hole to the Spider Nest.
 11562 | Lair:3   | Noticed a four-headed hydra
 11591 | Lair:3   | Killed a four-headed hydra
 11643 | Lair:3   | Reached skill level 10 in Necromancy
 11903 | Lair:3   | Noticed a six-headed hydra
 11913 | Lair:3   | Killed a six-headed hydra
 12045 | Lair:3   | Found a staircase to the Swamp.
 13291 | Lair:5   | Found a staircase to the Slime Pits.
 13300 | Lair:5   | Gained mutation: You are mostly covered in sharp spines. [demonic ancestry]
 13300 | Lair:5   | Reached XP level 13. HP: 101/101 MP: 22/22
 14182 | Lair:6   | Entered Level 6 of the Lair of Beasts
 14182 | Lair:6   | Found a frozen archway.
 14206 | IceCv    | Entered an ice cave
 15500 | Lair:6   | Found a burning altar of Makhleb.
 15540 | Lair:6   | Reached ****** piety under Kikubaaqudgha
 15596 | Lair:6   | Reached skill level 14 in Unarmed Combat
 15832 | Lair:6   | Gained mutation: You have a pair of antennae on your head. [demonic ancestry]
 15832 | Lair:6   | Reached XP level 14. HP: 99/108 MP: 20/23
 16040 | Lair:6   | Found a gateway to Hell.
 16337 | D:10     | Noticed Nergalle
 16411 | D:10     | Learned a level 4 spell: Control Undead
 16434 | D:10     | Killed Nergalle
 16592 | D:10     | Found Soery's Food Emporium.
 16890 | D:10     | Found a staircase to the Orcish Mines.
 17492 | D:11     | Found a labyrinth entrance.
 17511 | Lab      | Entered a labyrinth
 17732 | Lab      | Reached skill level 15 in Unarmed Combat
 17737 | Lab      | Identified the Papyrus of Conjuration and the Voyage
 17739 | Lab      | Got a smoking robe
 18254 | Orc:1    | Entered Level 1 of the Orcish Mines
 18255 | Orc:1    | Found Jotano's Distillery.
 18290 | Orc:1    | Bought a potion of lignification for 33 gold pieces
 18291 | Orc:1    | Bought a potion of brilliance for 44 gold pieces
 18463 | Orc:1    | Noticed Fannar
 18489 | Orc:1    | Killed Fannar
 18944 | Orc:1    | Noticed an orc warlord
 18944 | Orc:1    | Noticed an orc warlord
 19145 | Orc:2    | Entered Level 2 of the Orcish Mines
 19169 | Orc:2    | Found a dark tunnel.
 19178 | Volcano  | Entered a volcano
 19419 | Volcano  | Found a burning altar of Makhleb.
 19740 | Orc:2    | Reached skill level 16 in Unarmed Combat
 19892 | Orc:2    | Found a staircase to the Elven Halls.
 20452 | Orc:2    | Found an ancient bone altar of Kikubaaqudgha.
 20461 | Orc:2    | Paralysed by an orc sorcerer for 4 turns
 20549 | Orc:2    | Found Saf Cuda's Gadget Shoppe.
 20655 | Orc:2    | Paralysed by an orc sorcerer for 3 turns
 20733 | Orc:2    | Found a radiant altar of Vehumet.
 20793 | Orc:2    | Noticed Josephine
 20817 | Orc:2    | Found Hajikhla's Gadget Emporium.
 20817 | Orc:2    | Found a roughly hewn altar of Beogh.
 20817 | Orc:2    | Found Moruc's Antique Weapon Shoppe.
 20820 | Orc:2    | Found Iggymn's Distillery.
 20964 | Orc:2    | Bought a potion of berserk rage for 75 gold pieces
 20979 | Orc:2    | Killed Josephine
 21451 | Orc:1    | Killed an orc warlord
 21577 | Orc:1    | Killed an orc warlord
 21577 | Orc:1    | Reached skill level 17 in Unarmed Combat
 21577 | Orc:1    | Reached XP level 15. HP: 79/113 MP: 21/24
 21948 | D:11     | Learned a level 5 spell: Dispel Undead
 22100 | D:12     | Found an ancient bone altar of Kikubaaqudgha.
 22714 | D:13     | Learned a level 3 spell: Regeneration
 23144 | D:14     | Found a shadowy altar of Dithmenos.
 23257 | D:14     | Found a sacrificial altar of Ru.
 23390 | D:14     | Slain by a very large slime creature

Vault maps used:
D:1:      dpeg_arrival_simpleton_c
D:2:      marbit_many_paths, hangedman_decor_opposing, uniq_terence,
          uniq_jessica
D:3:      gammafunk_temple_overflow_arena, cheibrodos_ashenzari_chains
D:4:      lemuel_round_altar, minmay_temple_entry_mist
D:5:      kennysheep_mini_moat, nicolae_overflow_hidden_temple, first_bread,
          minmay_misc_feat_chi, minivault_24
D:6:      kennysheep_little_box, lemuel_crystal_altar, lightli_sewer_entry_pipes
D:7:      lemuel_coloured_pillars_altar, minmay_misc_feat_four_crosses
D:9:      tso_altar, dpeg_lair_monsters, uniq_prince_ribbit1
D:10:     david_orc_1_choice, serial_shops,
          nicolae_shop_temple_entry_statues_fountains, grunt_livestock,
          uniq_nergalle
D:11:     lab_entry_generic
D:12:     lemuel_mausoleum_altar_kikubaaqudgha
D:13:     david_vaults_2
D:14:     grunt_dithmenos_smoke, serial_ice, serial_ice_m, serial_ice_h,
          serial_ice_e, serial_ice_k, serial_ice_f, serial_ice_d, serial_ice_b,
          serial_ice_n, basic_altar
Temple:   nicolae_temple_figure_eight
Lair:2:   spider_nest_entry_a, beast_lair_carwin_6, grunt_megastairs_1
Lair:3:   nicolae_swamp_entry_splash_gauntlet, infiniplex_staircase_pool
Lair:4:   nicolae_quartered_pool_little
Lair:5:   slime_dummy
Lair:6:   evil_forest, portal_ice_cave_entry_pillars_2
Orc:1:    cheibrodos_orc_arena, serial_shops, shop, roderic_batcave, uniq_fannar
Orc:2:    kennysheep_orc_mage_school, nicolae_volcano_entry_vermiform,
          mines3_lemuel, uniq_josephine
Lab:      labyrinth_hidden_loot, nicolae_lab_dead_end, nicolae_lab_plus,
          labyrinth_glass_1, labyrinth_skeletal_remains, nicolae_lab_stuck,
          nicolae_lab_flowing_pool, nicolae_lab_very_dead_end
Sewer:    sewer_co_cracked_pipes
IceCv:    ice_cave_small_dragons
Volcano:  volcano_lake

Skill      XL: |  1  2  3  4  5  6  7  8  9 10 11 12 13 14 15 |
---------------+----------------------------------------------+-----
Unarmed Combat | 3 4 5 6 7 9 10 13 14 17 | 17.1
Necromancy     | 5 12 | 12.0
Armour         | 4 5 9 |  9.3
Fighting       | 9 |  9.1
Spellcasting   | 1 6 8 |  8.9
Dodging        | 4 5 |  5.0
Stealth        | |  1.7

Action                   |  1- 3 |  4- 6 |  7- 9 | 10-12 | 13-15 || total
-------------------------+-------+-------+-------+-------+-------++-------
Melee: Unarmed           |    86 |   183 |   351 |   616 |  1568 ||  2804
       Punch             |       |     5 |    15 |    33 |   148 ||   201
 Cast: Corpse Rot        |       |     1 |     3 |    18 |    33 ||    55
       Animate Skeleton  |       |       |       |    17 |    35 ||    52
       Dispel Undead     |       |       |       |       |     6 ||     6
Invok: Receive Corpses   |       |     1 |     2 |    10 |    14 ||    27
Evoke: Wand              |       |       |     3 |     5 |     5 ||    13
  Use: Scroll            |       |     1 |     2 |     7 |    18 ||    28
       Potion            |       |     1 |       |       |     9 ||    10
 Stab: Sleeping          |       |     1 |       |       |       ||     1
       Distracted        |       |       |       |     1 |     5 ||     6
  Eat: Chunk             |       |     8 |    11 |    20 |    22 ||    61
       Fruit             |       |       |     2 |     3 |     4 ||     9
       Meat ration       |       |       |     1 |       |     3 ||     4
       Royal jelly       |       |       |       |     1 |       ||     1
Armor: Robe              |     4 |     8 |       |       |    44 ||    56
       Plate armour      |    35 |       |       |       |       ||    35
       Chain mail        |       |    14 |       |       |       ||    14
       Fire dragon scale |       |    13 |   138 |   275 |   582 ||  1008
Dodge: Dodged            |    27 |    86 |   131 |   206 |   672 ||  1122
